 Dungeon Sprint DCSS version 0.17-a0-1831-gaadb308 (webtiles) character file.

79 Kidiri the Shield-Bearer (level 4, -1/30 HPs)
             Began as a Gargoyle Fighter on Sept 14, 2015.
             Slain by a water elemental (9 damage)
             ... in the Dungeon (Sprint III: "The Ten Rune Challenge").
             The game lasted 00:02:12 (394 turns).

Kidiri the Shield-Bearer (Gargoyle Fighter)          Turns: 394, Time: 00:02:12

Health: -1/30      AC: 12    Str: 20    XL:     4   Next: 37%
Magic:  4/4        EV:  8    Int:  9    God:
Gold:   23         SH: 10    Dex:  9    Spells: 0 memorised, 3 levels left

rFire  . . .     SeeInvis .     a - +0 flail
rCold  . . .     Clarity  .     b - +0 scale mail
rNeg   + . .     SustAt   .     c - +0 shield
rPois  ∞         Gourm    .     (no helmet)
rElec  +         Spirit   .     r - +0 cloak
rCorr  .         Warding  .     (no gloves)
rMut   .         NoTele   +     (no boots)
MR     .....                    (no amulet)
Stlth  ..........               (no ring)
                                (no ring)

@: not resistant to hostile enchantments, extremely unstealthy
A: negative energy resistance 1, electricity resistance, unbreathing,
petrification resistance, rot immunity, AC +3
a: no special abilities


You were in the Dungeon.
You were not hungry.

You visited 1 branch You collected 23 gold pieces.

Inventory:

Hand weapons
 a - a +0 flail (weapon)
Armour
 b - a +0 scale mail (worn)
 c - a +0 shield (worn)
 r - a +0 cloak (worn)
Magical devices
 m - a wand of random effects (20)
 p - a wand of digging (14)
Scrolls
 k - a scroll of blinking
 t - a scroll of immolation
 v - 4 scrolls of remove curse
 w - a scroll of holy word
Potions
 d - 2 potions of might
 f - a potion of curing
 g - 3 potions of heal wounds
 h - a potion of haste
 i - 2 potions of magic
 j - a potion of berserk rage
 s - 2 potions of mutation {unknown}
 x - a potion of flight {unknown}
Comestibles
 e - 2 bread rations
 o - 2 meat rations


   Skills:
 + Level 4.6 Fighting
 * Level 4.4 Maces & Flails
 * Level 5.4 Armour
 + Level 2.2 Dodging
 * Level 5.5 Shields


You had 3 spell levels left.
You didn't know any spells.

Dungeon Overview and Level Annotations

Branches:
Dungeon (1/1)

Altars:


Innate Abilities, Weirdness & Mutations

You are resistant to torment.
Your stone body is resilient (AC +3).
You are immune to poison.
You resist negative energy.
You are resistant to electric shocks.
You can survive without breathing.
You are immune to petrification.
You are immune to rotting.


Message History

You hit the water elemental but do no damage.
The water elemental is moderately damaged.
The water elemental hits you.
The water elemental engulfs you in water!
With effort, you pull free of the water engulfing you.
The water engulfing you falls away. The water elemental barely misses you.
You barely miss the water elemental.
The water elemental is moderately damaged.
The water elemental hits you!
* * * LOW HITPOINT WARNING * * *
The water elemental engulfs you in water!
With effort, you pull free of the water engulfing you.
The water engulfing you falls away.
You hit the water elemental.
The water elemental is moderately damaged.
You block the water elemental's attack.
Your shield and scale mail prevent you from hitting the water elemental.
The water elemental is moderately damaged.
You block the water elemental's attack. The water elemental hits you!
You die...

▓..#?.#....♣.♣ ♣.#
▓#'####......♣ ♣♣.#
▓.....#....≈.♣♣♣..###
▓.....#...≈≈♣♣.♣..#..
▓.....#..≈≈≈≈.♣♣♣.'.⌠
▓####'#..≈≈≈≈≈≈...#..
▓....)#.≈≈≈≈≈≈....#.⌠
▓.....#.≈≈≈≈≈.....#..
▓..E@...≈≈≈.......#+#
▓'###.#...........#
▓.................#
▓▓▓▓▓▓▓▓▓▓▓▓▓▓▓▓▓▓▓


You could see a water elemental.

Vanquished Creatures
  Crazy Yiuf (D)
  Jessica (D)
  A human (D)
  An ooze (D)
  2 rats (D)
6 creatures vanquished.

Vanquished Creatures (others)
  2 draconian scorchers (D)
  A yaktaur (D)
3 creatures vanquished.

Grand Total: 9 creatures vanquished

Notes
Turn   | Place    | Note
--------------------------------------------------------------
     0 | D        | Kidiri the Gargoyle Fighter began the quest for the Orb.
     0 | D        | Reached XP level 1. HP: 14/14 MP: 1/1
    35 | D        | Noticed Jessica
    38 | D        | Killed Jessica
    38 | D        | Reached skill level 4 in Fighting
    38 | D        | Reached skill level 1 in Dodging
    38 | D        | Reached XP level 2. HP: 18/20 MP: 2/2
    38 | D        | Reached XP level 3. HP: 21/24 MP: 3/3
   109 | D        | Reached skill level 5 in Armour
   109 | D        | Reached skill level 5 in Shields
   159 | D        | Killed a white draconian scorcher
   171 | D        | Killed a yaktaur
   221 | D        | Noticed Crazy Yiuf
   236 | D        | Killed a white draconian scorcher
   240 | D        | Killed Crazy Yiuf
   240 | D        | Reached XP level 4. HP: 15/30 MP: 4/4
   366 | D        | Noticed a water elemental
   394 | D        | Slain by a water elemental

Vault maps used:
D:        dungeon_sprint_mu

Action                   |  1- 3 |  4- 6 || total
-------------------------+-------+-------++-------
Melee: Flail             |    37 |     7 ||    44
  Use: Scroll            |       |     3 ||     3
 Stab: Invisible         |     1 |       ||     1
